 Dungeon Crawl Stone Soup version 0.23-a0-554-gd3cbc8420a (webtiles) character file.

1141 Knicklaso the Chopper (level 8, -4/106 HPs)
             Began as a Minotaur Berserker on Dec 10, 2018.
             Was an Elder of Trog.
             Killed from afar by Dowan (15 damage)
             ... with a shard of ice
             ... on level 6 of the Dungeon.
             The game lasted 00:07:55 (4244 turns).

Knicklaso the Chopper (Minotaur Berserker)          Turns: 4244, Time: 00:07:56

Health: -4/106     AC:  6    Str: 23    XL:     8   Next: 14%
Magic:  7/7        EV: 10    Int:  5    God:    Trog [****..]
Gold:   209        SH: 10    Dex: 15    Spells: 7/7 levels left

rFire    . . .     SeeInvis .   G - +10 long sword of the Penguin {freeze, rElec MR+++ Str-3 Dex+3}
rCold    . . .     Gourm    .   y - +0 shield
rNeg     + . .     Faith    .   F - +0 scale mail
rPois    .         Spirit   .   (helmet restricted)
rElec    +         Reflect  .   (no cloak)
rCorr    .         Harm     .   (no gloves)
MR       +++++                  (no boots)
Stlth    ..........             A - amulet of the acrobat
HPRegen  1.27/turn              h - ring of positive energy
MPRegen  0.10/turn              (no ring)

@: berserking, lethally poisoned (-4 -> -7), regenerating, very quick
A: retaliatory headbutt, horns 2
a: Berserk, Trog's Hand, Brothers in Arms, Renounce Religion


You were on level 6 of the Dungeon.
You worshipped Trog.
Trog was greatly pleased with you.
You were near starving.

You visited 1 branch of the dungeon, and saw 6 of its levels.

You collected 239 gold pieces.
You spent 30 gold pieces at shops.

Inventory:

Hand Weapons
 a - a +0 hand axe
 b - a +0 blowgun
 G - the +10 long sword of the Penguin (weapon) {freeze, rElec MR+++ Str-3 Dex+3}
   (You found it on level 5 of the Dungeon)

   It has been specially enchanted to freeze those struck by it, causing extra
   injury to most foes and up to half again as much damage against particularly
   susceptible opponents.
   It can also slow down cold-blooded creatures.
   It affects your strength (-3).
   It affects your dexterity (+3).
   It insulates you from electricity.
   It affects your resistance to hostile enchantments.
Missiles
 j - 178 stones (quivered)
 p - 60 poisoned needles
 x - 4 tomahawks
 E - 5 curare-tipped needles
Armour
 y - a +0 shield (worn)
 F - a +0 scale mail (worn)
Jewellery
 h - a ring of positive energy (left hand)
 A - an amulet of the acrobat (around neck)
Wands
 i - a wand of acid (10)
 m - a wand of flame (11)
 u - a wand of iceblast (7)
 C - a wand of polymorph (17)
Scrolls
 d - a scroll of enchant weapon {unknown}
 g - 2 scrolls of remove curse {unknown}
 k - 2 scrolls of immolation {unknown}
 l - 5 scrolls of identify {unknown}
 r - a scroll of amnesia {unknown}
 s - a scroll of fog {unknown}
 t - a scroll of blinking {unknown}
 w - 3 scrolls of enchant armour {unknown}
 z - a scroll of magic mapping {unknown}
 B - 2 scrolls of teleportation {unknown}
 I - a scroll of vulnerability {unknown}
Potions
 e - 2 potions of haste {unknown}
 f - 3 potions of heal wounds {unknown}
 n - a potion of degeneration {unknown}
 o - 3 potions of curing {unknown}
 q - a potion of magic {unknown}
 v - a potion of invisibility {unknown}
 D - a potion of agility
 H - a potion of berserk rage {unknown}
Comestibles
 c - 13 rations


   Skills:
 + Level 6.6 Fighting
 * Level 3.1 Long Blades
 - Level 7.9 Axes
 - Level 2.4 Armour
 - Level 4.4 Dodging
 * Level 4.5 Shields


You had 7 spell levels left.
You didn't know any spells.
Your spell library was empty.

Dungeon Overview and Level Annotations

Branches:
Dungeon (6/15)             Temple (0/1) D:4

Altars:
Elyvilon
Zin

Shops:
D:4 **

Annotations:
D:6 Dowan


Innate Abilities, Weirdness & Mutations

You reflexively headbutt those who attack you in melee.
You have a pair of horns on your head.


Message History

Dowan blinks!
You block the centaur's attack.
Things that are here:
a +0 short sword of venom; a +0 scale mail You slice the orc!!
You freeze the orc.
You kill the orc!
Trog accepts your kill.
You feel very sick.
The leopard gecko bites you but does no damage.
The centaur hits you but does no damage.
You slice the centaur!! You freeze the centaur.
You kill the centaur!
Trog accepts your kill.
You can now call in reinforcements.
Your Long Blades skill increases to level 3!
You feel sick.
The leopard gecko hisses menacingly.
You block the leopard gecko's attack.
A worker ant comes into view.
Dowan casts a spell at you. The shard of ice hits you!
You die...

...###...<......#
.a...#...#.#.....#
##(#.....#.#.....##
#.........###.....
#.##....### #.####
#.##.#<.# #.....
#.##....# #..#..
#...e...#####..#>#
###@##.............#
#ool§.....#####.....
.......oo#######
##.### #...#....#
#.... ... #.#.##
##### # #.#.# #.#.#
. #.# # ...


You could see Dowan, a worker ant (wandering), an orc wizard, 3 orcs and a
leopard gecko.

Vanquished Creatures
  Duvessa (D:6)
  A phantom (D:5)
  An ogre (D:5)
  2 centaurs (D:6)
  A howler monkey (D:4)
  2 hounds
  An orc priest (D:4)
  A bullfrog skeleton (D:4)
  A centaur skeleton (D:5)
  3 orc wizards (D:4)
  Jessica (D:2)
  Natasha (thrice) (D:4)
  An iguana (D:5)
  3 worker ants
  A hound skeleton (D:5)
  11 adders
  An ooze (D:4)
  An adder zombie (D:5)
  5 worms
  A dart slug (D:1)
  3 leopard geckos
  10 orcs
  7 giant cockroaches
  11 goblins
  5 hobgoblins
  6 jackals
  4 kobolds
  2 quokkas (D:3)
  A ball python skeleton (D:5)
  11 bats
  5 frilled lizards (D:1)
  A jackal zombie (D:5)
  A quokka zombie (D:5)
  3 rats
112 creatures vanquished.

Notes
Turn   | Place    | Note
-------+----------+-------------------------------------------
     0 | D:1      | Knicklaso the Minotaur Berserker began the quest for the
                  | Orb.
     0 | D:1      | Reached XP level 1. HP: 19/19 MP: 0/0
   107 | D:1      | Reached skill level 4 in Axes
   107 | D:1      | Reached XP level 2. HP: 19/27 MP: 1/1
   545 | D:1      | Reached ** piety under Trog
   639 | D:1      | Reached XP level 3. HP: 33/33 MP: 2/2
   749 | D:2      | Found a white marble altar of Elyvilon.
   894 | D:2      | Noticed Jessica
   904 | D:2      | Killed Jessica
   904 | D:2      | Reached skill level 5 in Axes
   904 | D:2      | Reached XP level 4. HP: 17/41 MP: 3/3
  1980 | D:3      | Reached XP level 5. HP: 47/47 MP: 4/4
  2163 | D:3      | Reached *** piety under Trog
  2706 | D:4      | Reached skill level 5 in Fighting
  2706 | D:4      | Reached skill level 6 in Axes
  2713 | D:4      | Found Vyseiji's Mass Market.
  2741 | D:4      | Noticed Natasha
  2750 | D:4      | Killed Natasha
  2750 | D:4      | Reached XP level 6. HP: 29/56 MP: 5/5
  2907 | D:4      | Reached skill level 7 in Axes
  2950 | D:4      | Noticed Natasha
  2960 | D:4      | Killed Natasha
  3052 | D:4      | Found a staircase to the Ecumenical Temple.
  3149 | D:4      | Found Qeakuyg's Serpentskin Sales.
  3157 | D:4      | Reached XP level 7. HP: 56/62 MP: 6/6
  3162 | D:4      | Bought a +0 blowgun for 30 gold pieces
  3209 | D:4      | Noticed Natasha
  3220 | D:4      | Killed Natasha
  3310 | D:5      | Entered Level 5 of the Dungeon
  3416 | D:5      | Reached skill level 1 in Shields
  3751 | D:5      | Got a steaming long sword
  3752 | D:5      | Identified the +10 long sword of the Penguin {freeze, rElec
                  | MR+++ Str-3 Dex+3} (You found it on level 5 of the Dungeon)
  3762 | D:5      | Found a glowing silver altar of Zin.
  3839 | D:5      | Reached **** piety under Trog
  3878 | D:5      | Reached skill level 1 in Long Blades
  4228 | D:6      | Noticed Duvessa
  4228 | D:6      | Noticed Dowan
  4241 | D:6      | Killed Duvessa
  4242 | D:6      | Reached XP level 8. HP: 13/71 MP: 7/7
  4244 | D:6      | Killed from afar by Dowan

Vault maps used:
D:1:      scummos_arrival_simple_crosswalls
D:2:      elyvilon_altar_5, uniq_jessica
D:4:      minmay_temple_entry_crystal_x, st_stairs_7, minmay_shop_mass,
          guppyfry_shop_venom, uniq_natasha
D:5:      basic_altar, first_ration, minmay_misc_feat_ornament,
          kennysheep_doodads
D:6:      basic_altar, uniq_duvessa

Skill      XL: |  1  2  3  4  5  6  7  8 |
---------------+-------------------------+-----
Axes           | 4 5 6 7 |  7.9
Fighting       | 4 5 6 |  6.6
Dodging        | 3 4 |  4.4
Shields        | 4 |  4.5
Long Blades    | 2 3 |  3.1
Armour         | |  2.4

Action                   |  1- 3 |  4- 6 |  7- 9 || total
-------------------------+-------+-------+-------++-------
Melee: Hand axe          |    93 |   130 |    47 ||   270
       Headbutt          |    14 |    26 |    16 ||    56
       Long sword        |       |       |    22 ||    22
 Fire: Blowgun           |       |       |     7 ||     7
Invok: Berserk           |       |     3 |     1 ||     4
       Trog's Hand       |       |     1 |     1 ||     2
  Eat: Chunk             |       |    10 |     3 ||    13
Armor: Animal skin       |     1 |       |       ||     1
       Ring mail         |    34 |    52 |    15 ||   101
       Scale mail        |       |       |     6 ||     6
Dodge: Dodged            |    67 |    84 |    30 ||   181
Block: Shield            |       |       |    10 ||    10
       Rpst.: Long sword |       |       |     4 ||     4

Table legend:
 A = Non-vault XP
 B = Vault XP
 C = Vault XP percentage of total XP
 D = Non-vault monster count
 E = Vault monster count
 F = Vault count percentage of total count
                 A         B        C        D         E       F
            +---------+---------+-------+---------+---------+-------
      Total |    1340 |     291 |  17.8 |     106 |       6 |   5.4
            +---------+---------+-------+---------+---------+-------
        D:1 |      44 |       0 |   0.0 |      27 |       0 |   0.0
        D:2 |      81 |      37 |  31.4 |      18 |       1 |   5.3
        D:3 |      61 |       0 |   0.0 |      19 |       0 |   0.0
        D:4 |     452 |      96 |  17.5 |      22 |       4 |  15.4
        D:5 |     460 |       0 |   0.0 |      16 |       0 |   0.0
        D:6 |     242 |     158 |  39.5 |       4 |       1 |  20.0
            +---------+---------+-------+---------+---------+-------
